Match 46802952
Unlisted

Match 46802952
End
Selects Australian Defense Battlegroup
Selects Australian Light Infantry Section
Australian Light Infantry Section
Construct Section Command Post
Infantry Section
Infantry Section
Construct Field Infirmary
Construct Platoon Command Post
Selects Defensive Tactics
Angrybirds
Bego
Chiecken Rice
ALLIEC2
0
0

Comments sign in to comment!

No comments posted yet!